AoeStats
← hvon2749

Migration

507870910Analyzed
1v1 RM · 13d ago on Sep 20, 2026· 73m 30s· 2 players
Game mode
Random Map
Map size
132×132
Population
200
Speed
Normal
Resources
Standard
Victory
Conquest
Starting age
Dark Age
Ending age
Imperial Age
RankedLock teamsTeams togetherTeam positionsShared explorationLock speedFull tech treeHidden civsTurbo modeCheats
Victory
Defeat
🇺🇸 Malay · United States
567
+18
🇦🇷 Franks · Argentina
601
-18
hvon2749
11:58 Feudal Age
12:54 Wheelbarrow
13:55 Double-Bit Axe
15:27 Man-at-Arms
16:38 Horse Collar
28:34 Castle Age
28:23 Thumb Ring
28:07 Crossbowman
28:54 Thumb Ring
30:11 Elite Skirmisher
30:24 Long Swordsman
31:05 Squires
38:39 Imperial Age
39:29 Stone Mining
39:30 Gold Mining
57:53 Chemistry
59:51 Bombard Tower
64:45 Pikeman
64:46 Two-Handed Swordsman
66:38 Forging
66:34 Scale Barding Armor
Beto41354
8:04 Loom
11:34 Feudal Age
12:03 Double-Bit Axe
14:55 Man-at-Arms
18:24 Castle Age
20:23 Long Swordsman
21:16 Scale Mail Armor
21:37 Forging
21:29 Fishing Lines
23:06 Crossbowman
27:08 Bow Saw
27:17 Fletching
33:48 Stone Mining
33:54 Gold Mining
41:27 Wheelbarrow
42:08 #83
47:12 Imperial Age
48:22 Scale Barding Armor
48:54 Iron Casting
48:53 Cavalier
51:45 Hoardings
53:34 Chain Barding Armor
53:18 Scale Mail Armor
54:08 Gold Shaft Mining
55:21 Elite Skirmisher
57:07 Hoardings
59:11 Chemistry
59:29 Hand Cart
59:59 Conscription
66:32 Padded Archer Armor
72:48 Pikeman
Connection lost

Rejoining the realm…

Still unreachable

The connection could not be restored.

Session expired

The server has moved on; the page needs a fresh start.